 Dungeon Crawl Stone Soup version 0.25.1-11-g244df3a29b (webtiles) character file.

Game seed: 17007195365438878102

136392 DeepDeath the Bludgeoner (level 17, -5/106 HPs)
             Began as a Gargoyle Abyssal Knight on Jan 16, 2024.
             Was the Champion of Lugonu.
             Killed from afar by a wretched star (27 damage)
             ... with a lance of force
             ... on level 3 of the Abyss.
             The game lasted 02:44:41 (38106 turns).

DeepDeath the Bludgeoner (Gargoyle Abyssal Knight) Turns: 38106, Time: 02:44:42

Health: -5/106     AC: 41    Str: 19    XL:     17   Next: 21%
Magic:  22/22      EV: 11    Int: 13    God:    Lugonu [******]
Gold:   391        SH:  0    Dex:  9    Spells: 16/16 levels left

rFire    + + .     SeeInvis .   d - +1 flail (holy)
rCold    . . .     Gourm    .   (no shield)
rNeg     + . .     Faith    .   v - +2 chain mail {rF+}
rPois    ∞         Spirit   .   (no helmet)
rElec    +         Reflect  .   g - +0 cloak
rCorr    .         Harm     .   O - +2 pair of gloves
MR       +....     Rnd*Tele +   B - +2 pair of boots {run}
Stlth    ..........             (no amulet)
HPRegen  0.27/turn              L - +4 ring of protection
MPRegen  0.18/turn              p - ring of protection from fire

@: flying, quick
A: big wings, [low mp 1], negative energy resistance 1, electricity resistance,
[teleportitis 2], [weak 2], unbreathing, petrification resistance, rot immunity,
AC +12
a: Stop Flying, Depart the Abyss, Bend Space, Banish, Corrupt, Enter the Abyss,
Brand Weapon With Distortion, Renounce Religion


You were on level 3 of the Abyss.
You worshipped Lugonu.
Lugonu was exalted by your worship.
You were not hungry.

You visited 4 branches of the dungeon, and saw 25 of its levels.
You visited the Abyss 2 times.
You visited 1 bazaar.
You also visited: Ice Cave and Volcano.

You collected 4044 gold pieces.
You spent 3653 gold pieces at shops.

Inventory:

Hand Weapons
 d - a +1 flail of holy wrath (weapon)
 e - the +6 flail "Rihuischari" {freeze, +Blink rPois rC+++ Dex-2}
   (You bought it in a shop on level 2 of the Orcish Mines)

   It has been specially enchanted to freeze those struck by it, causing extra
   injury to most foes and up to half again as much damage against particularly
   susceptible opponents.
   It can also slow down cold-blooded creatures.
   It affects your dexterity (-2).
   It renders you almost immune to cold.
   It protects you from poison.
   It lets you blink.
 q - a +4 hunting sling of freezing
 r - the +0 mace of Mayhem {distort, rF+ rC+}
   (You found it on level 5 of the Lair of Beasts)

   It warps and distorts space around it.
   Unwielding it can cause banishment or high damage.
   It protects you from fire.
   It protects you from cold.
 s - a +2 broad axe of flaming
 w - a +1 morningstar of flaming
Missiles
 o - 93 sling bullets
 A - 7 silver boomerangs (quivered)
 D - 56 poisoned darts
 J - 7 javelins
 N - 6 throwing nets
 U - 12 datura-tipped darts
 Z - 7 curare-tipped darts
Armour
 g - a +0 cloak (worn)
 k - a +2 hat of magic resistance
 v - a +2 chain mail of fire resistance (worn)
 B - a +2 pair of boots of running (worn)
 F - a +3 chain mail of cold resistance
 O - a +2 pair of gloves (worn)
Jewellery
 p - a ring of protection from fire (right hand)
 L - a +4 ring of protection (left hand)
 Q - the ring "Yxanoot" {+Fly Int+4 SInv Stlth+}
   (You found it on level 2 of the Swamp)

   [ring of stealth]

   It affects your intelligence (+4).
   It lets you see invisible.
   It lets you fly.
   It makes you more stealthy.
 R - an uncursed ring of positive energy
 Y - an uncursed ring of protection from cold
Wands
 i - a wand of paralysis (9)
 j - a wand of enslavement (19)
 l - a wand of iceblast (39)
 x - a wand of disintegration (22)
 C - a wand of digging (8)
 V - a wand of clouds (3)
Scrolls
 h - a scroll of fear
 n - 6 scrolls of teleportation
 u - 10 scrolls of remove curse
 G - a scroll of summoning
 K - a scroll of holy word
 M - 5 scrolls of identify
 P - 2 scrolls of magic mapping
 S - 2 scrolls of noise
Potions
 a - 2 potions of haste
 c - 16 potions of curing
 m - 4 potions of stabbing
 t - 2 potions of might
 z - 2 potions of resistance
 E - a potion of invisibility
 H - 3 potions of berserk rage
Miscellaneous
 y - a phial of floods
Comestibles
 f - 26 rations


   Skills:
 - Level 12.0 Fighting
 * Level 9.7(13.4) Axes
 - Level 16.0(17.0) Maces & Flails
 - Level 8.5(9.0) Slings
 - Level 3.8(6.7) Throwing
 - Level 15.0 Armour
 - Level 7.0 Dodging
 - Level 10.0 Invocations
 - Level 4.0 Evocations


You had 16 spell levels left.
You didn't know any spells.
Your spell library contained the following spells:

 Spells                   Type           Power        Failure   Level  Hunger
 Animate Skeleton         Necr           N/A          87%         1    ##.....
 Apportation              Tloc           #.....       87%         1    ##.....
 Beastly Appendage        Tmut           #.....       87%         1    ##.....
 Corona                   Hex            #......      87%         1    ##.....
 Magic Dart               Conj           #...         87%         1    ##.....
 Shock                    Conj/Air       #...         87%         1    ##.....
 Summon Small Mammal      Summ           #...         87%         1    ##.....
 Blink                    Tloc           N/A          95%         2    ###....
 Call Imp                 Summ           #.......     95%         2    ###....
 Ensorcelled Hibernation  Hex/Ice        #.....       95%         2    ###....
 Slow                     Hex            #.......     95%         2    ###....
 Sticks to Snakes         Tmut           #.......     95%         2    ###....
 Swiftness                Chrm/Air       #.......     95%         2    ###....
 Confusing Touch          Hex            #.......     99%         3    ####...
 Conjure Flame            Conj/Fire      #.......     99%         3    ####...
 Dazzling Flash           Conj/Hex       #.....       99%         3    ####...
 Mephitic Cloud           Conj/Pois/Air  #.......     99%         3    ####...
 Recall                   Summ/Tloc      N/A          99%         3    ####...
 Spider Form              Tmut/Pois      #.........   99%         3    ####...
 Static Discharge         Conj/Air       #.......     99%         3    ####...
 Tukima's Dance           Hex            #.......     99%         3    ####...
 Airstrike                Air            #.........   100%        4    #####..
 Ice Form                 Ice/Tmut       #.......     100%        4    #####..
 Summon Lightning Spire   Summ/Air       #.......     100%        4    #####..
 Aura of Abjuration       Summ           #.........   100%        5    ######.
 Blade Hands              Tmut           #.........   100%        5    ######.
 Bolt of Magma            Conj/Fire/Erth #.........   100%        5    ######.
 Iskenderun's Battlesphe  Conj/Chrm      #.......     100%        5    ######.
 Lightning Bolt           Conj/Air       #.........   100%        5    ######.
 Silence                  Hex/Air        #.........   100%        5    ######.
 Summon Demon             Summ           #.........   100%        5    ######.
 Summon Forest            Summ/Tloc      #.........   100%        5    ######.
 Summon Mana Viper        Hex/Summ       #.......     100%        5    ######.
 Conjure Ball Lightning   Conj/Air       #.........   100%        6    #######
 Iron Shot                Conj/Erth      #.........   100%        6    #######
 Shadow Creatures         Summ           N/A          100%        6    #######
 Orb of Destruction       Conj           #.........   100%        7    #######
 Spellforged Servitor     Conj/Summ      #.........   100%        7    #######
 Tornado                  Air            #.........   100%        9    #######


Dungeon Overview and Level Annotations

Branches:
Dungeon (15/15)            Temple (0/1) D:4            Lair (6/6) D:9
  Swamp (2/4) Lair:4       Spider (0/4) Lair:2        Slime (0/5) Lair:6
    Orc (2/2) D:9             Elf (0/3) Orc:2        Vaults (0/5) D:14
 Depths (0/5) D:15          IceCv (visited)         Volcano (visited)

Altars:
Ashenzari
Cheibriados
Elyvilon
Gozag
Hepliaklqana
Makhleb
Okawaru
Ru
Wu Jian
Xom
Beogh
Jiyva

Shops:
D:10 %(((   Orc:2 (((*

Annotations:
Swamp:2 Louise


Innate Abilities, Weirdness & Mutations

You are resistant to torment.
Your stone body is resilient. (AC +12)
You are immune to poison.
Your large and strong wings let you fly indefinitely.
You resist negative energy. (rN+)
You are resistant to electric shocks. (rElec)
You can survive without breathing.
You are immune to petrification.
You are immune to rotting.
[Your magical capacity is low. (-10% MP)]
[You are sometimes teleported next to monsters.]
[You are very weak. (Str -4)]


Message History

The black mamba skeleton bites you but does no damage.
The wretched star pulses with an eldritch light!
You feel weaker.
You closely miss the black mamba skeleton.
The black mamba skeleton is almost destroyed.
The black mamba skeleton bites you!
* * * LOW HITPOINT WARNING * * *
The wretched star glows turbulently.
The lance of force hits you!!
* * * LOW HITPOINT WARNING * * *
You are knocked back by the lance of force.
You slam into the stone wall!
The black mamba skeleton bites you.
* * * LOW HITPOINT WARNING * * *
Unknown command.
Unknown command.
You feel much better.
The black mamba skeleton bites you but does no damage.
The wretched star glows turbulently.
The lance of force hits you!!
You die...

. .. # # .#..
.# . # . . .
#Z .## ##. .
# #. .. # ##
.. .# .##.
..##.
#..#*..#
##.#.####...#
#..##...#
#..#..Z@#
#.#...###
#∩....#
#..#.# # ..#.
##... . #
#..# # # .#..
#. ## . .. #
.


You could see a wretched star and a black mamba skeleton.

Vanquished Creatures
  Nikola (Lair:4)
  Frances (Lair:4)
  Kirke (Lair:4)
  A fire giant (D:12)
  A caustic shrike zombie (D:15)
  Aizul (Lair:4)
  The ghost of DeepDeath the Cleaver, a journeyman HOEn of Okawaru (D:12)
  Snorg (Orc:1)
  A yaktaur captain (D:14)
  2 ice dragons (IceCv)
  2 ghost crabs
  8 hydras
  Harold (D:9)
  4 catoblepae
  A shambling mangrove (Swamp:1)
  3 centaur warriors
  11 two-headed ogres
  Erica (D:10)
  6 alligators
  2 orc high priests (Orc:2)
  8 death yaks
  3 ogre magi
  Urug (Lair:2)
  Sonja (Lair:4)
  A wretched star (Abyss:3)
  Nergalle (D:10)
  7 skeletal warriors
  An unseen horror (D:14)
  A phantasmal warrior (D:14)
  2 deep trolls (Orc:2)
  An obsidian statue (D:12)
  Pikel (D:8)
  4 swamp dragons
  A lindwurm (Lair:5)
  5 anaconda skeletons (Volcano)
  A necromancer (D:15)
  A fire giant zombie (D:15)
  2 orc knights
  An orc sorcerer (Orc:1)
  4 manticores
  8 ugly things
  2 wolf spiders (Lair:3)
  A deep elf mage (D:13)
  4 cyclopes
  A stone giant zombie (D:15)
  Maurice (D:8)
  4 black mambas
  3 ice statues
  Joseph (D:10)
  12 elephants
  Psyche (D:10)
  6 gargoyles
  10 spiny frogs
  2 centaur skeletons
  8 rime drakes
  6 komodo dragons
  3 yaktaurs
  An efreet (D:13)
  Maggie (D:10)
  8 ice devils
  A guardian mummy (D:15)
  14 trolls
  7 polar bears
  5 hornets
  A harpy skeleton (Volcano)
  A hydra skeleton (Abyss:3)
  4 hippogriffs
  2 tyrant leeches
  8 slime creatures (D:15)
  13 blink frogs
  6 bog bodies
  5 dream sheep (Lair:4)
  A meliai zombie (D:15)
  A spriggan (D:7)
  A shadow (Swamp:1)
  Sigmund (D:3)
  A centaur simulacrum (D:14)
  A flying skull (Volcano)
  A large abomination (Abyss:3)
  4 wraiths
  2 wyverns
  5 starcursed masses (Abyss:3)
  4 basilisks
  A human (Lair:4)
  65 yaks
  Grum (D:11)
  16 vampire mosquitoes
  4 hogs (Lair:4)
  6 hungry ghosts
  2 soldier ants
  6 swamp worms
  A tengu zombie (D:15)
  2 wargs (Orc:2)
  2 insubstantial wisps
  Edmund (D:5)
  28 orc warriors
  7 porcupines
  12 water moccasins
  2 swamp drakes
  An eye of draining (D:11)
  4 slaves (D:8)
  6 black bears
  19 ice beasts
  3 sky beasts
  14 wolves
  28 ogres
  4 boggarts (Lair:6)
  9 centaurs
  4 phantoms
  16 crocodiles
  A big kobold (D:11)
  17 bullfrogs
  3 scorpions
  17 killer bees (D:12)
  2 troll skeletons (Volcano)
  3 wights (D:11)
  A spriggan skeleton (Volcano)
  A howler monkey (D:6)
  An electric eel (Lair:4)
  9 crimson imps
  2 lava snakes (D:12)
  A quasit (D:7)
  3 centaur zombies
  5 jellies
  10 hounds
  31 orc priests
  23 orc wizards
  Jessica (D:2)
  A bullfrog skeleton (D:13)
  Ijyb (D:1)
  15 worker ants
  2 naga skeletons (Volcano)
  A hound zombie (D:9)
  A hound skeleton (D:4)
  A worker ant zombie (D:10)
  A howler monkey zombie (D:9)
  Robin (D:3)
  4 gnolls (D:5)
  17 adders
  2 river rats (D:9)
  3 shadow imps
  6 ufetubi (D:9)
  2 oozes
  An adder zombie (D:6)
  3 adder skeletons (D:4)
  4 worms
  4 dart slugs
  4 leopard geckos
  105 orcs
  5 ball pythons
  4 bats
  7 giant cockroaches
  6 goblins
  5 hobgoblins
  An iguana (D:5)
  9 jackals
  4 quokkas
  5 frilled lizards
  8 kobolds
  2 leopard gecko skeletons
  2 quokka skeletons
  5 rats
  2 fungi
  A plant (Swamp:1)
909 creatures vanquished.

Vanquished Creatures (others)
  2 flying skulls (Volcano)
  2 yaks (Lair:5)
  A vampire mosquito (Lair:4)
  2 insubstantial wisps
  A crocodile (D:14)
  4 fungi
  6 plants
  5 toadstools (D:8)
  A withered plant (D:15)
24 creatures vanquished.

Grand Total: 933 creatures vanquished

Notes
Turn   | Place    | Note
-------+----------+-------------------------------------------
     0 | Abyss:1  | DeepDeath the Gargoyle Abyssal Knight began the quest for
                  | the Orb.
     0 | Abyss:1  | Reached XP level 1. HP: 14/14 MP: 2/2
    13 | Abyss:1  | Found a corrupted altar of Lugonu.
    39 | Abyss:1  | Found a corrupted altar of Lugonu.
    58 | Abyss:1  | Noticed a starcursed mass
    71 | Abyss:1  | Noticed a small abomination
    75 | Abyss:1  | Noticed a tormentor
    78 | Abyss:1  | Noticed a small abomination
    85 | D:1      | Escaped the Abyss
   410 | D:1      | Reached * piety under Lugonu
   410 | D:1      | Reached XP level 2. HP: 11/19 MP: 3/3
   506 | D:1      | Found a shattered altar of Ashenzari.
   647 | D:1      | Reached skill level 3 in Maces & Flails
   856 | D:2      | Found a hazy altar of Hepliaklqana.
   903 | D:2      | Reached XP level 3. HP: 23/23 MP: 4/4
  1024 | D:2      | Found an opulent altar of Gozag.
  1042 | D:2      | Noticed Jessica
  1065 | D:2      | Killed Jessica
  1065 | D:2      | Reached skill level 4 in Maces & Flails
  1282 | D:2      | Reached XP level 4. HP: 21/28 MP: 5/5
  1488 | D:2      | You fall into a shaft and drop 1 floor!
  1489 | D:3      | Noticed Ijyb
  1670 | D:1      | Killed Ijyb
  1809 | D:3      | Reached skill level 5 in Maces & Flails
  1810 | D:3      | Found a snail-covered altar of Cheibriados.
  1830 | D:3      | Reached XP level 5. HP: 32/32 MP: 6/6
  1845 | D:3      | Identified the +2 helmet of Mezcal {rElec rF- Str+6 Int-4}
  1845 | D:3      | Noticed Robin
  1863 | D:3      | Killed Robin
  2080 | D:3      | Noticed Sigmund
  2092 | D:3      | Killed Sigmund
  2092 | D:3      | Reached skill level 6 in Maces & Flails
  2092 | D:3      | Reached XP level 6. HP: 35/37 MP: 7/7
  2151 | D:3      | Reached ** piety under Lugonu
  2577 | D:4      | Reached skill level 1 in Dodging
  2581 | D:4      | Reached skill level 7 in Maces & Flails
  2584 | D:4      | Reached XP level 7. HP: 41/41 MP: 8/8
  2723 | D:4      | Reached skill level 1 in Throwing
  2723 | D:4      | Reached skill level 1 in Evocations
  3158 | D:4      | Found a staircase to the Ecumenical Temple.
  3258 | D:5      | Entered Level 5 of the Dungeon
  3370 | D:5      | Noticed Edmund
  3390 | D:5      | Killed Edmund
  3552 | D:5      | Reached XP level 8. HP: 46/46 MP: 9/9
  3596 | D:5      | Found a shimmering altar of Xom.
  3613 | D:5      | Reached *** piety under Lugonu
  3772 | D:6      | Found an opulent altar of Gozag.
  3832 | D:6      | Reached skill level 8 in Maces & Flails
  3960 | D:6      | Found a shimmering altar of Xom.
  4696 | D:7      | Found an ornate altar of the Wu Jian Council.
  4704 | D:7      | Reached skill level 9 in Maces & Flails
  4704 | D:7      | Reached skill level 5 in Armour
  4801 | D:7      | Found an iron altar of Okawaru.
  4878 | D:7      | Reached XP level 9. HP: 48/51 MP: 10/10
  5544 | D:7      | Found an ornate altar of the Wu Jian Council.
  5620 | D:7      | Reached skill level 10 in Maces & Flails
  5719 | D:8      | Noticed Maurice
  5762 | D:8      | Killed Maurice
  5883 | D:8      | Noticed Pikel
  5955 | D:8      | Killed Pikel
  5955 | D:8      | Reached XP level 10. HP: 37/58 MP: 12/12
  5961 | D:8      | Reached skill level 11 in Maces & Flails
  5978 | D:8      | Reached **** piety under Lugonu
  6593 | D:9      | Reached skill level 5 in Fighting
  6789 | D:9      | Found a staircase to the Orcish Mines.
  6798 | D:9      | Noticed a death yak
  6801 | D:9      | Noticed a death yak
  6803 | D:9      | Noticed a death yak
  6833 | D:9      | Killed a death yak
  6847 | D:9      | Killed a death yak
  6869 | D:9      | Killed a death yak
  6869 | D:9      | Reached skill level 12 in Maces & Flails
  6949 | D:9      | Found a staircase to the Lair.
  6977 | D:9      | Noticed Harold
  7007 | D:9      | Killed Harold
  7168 | D:9      | Noticed an ice statue
  7402 | D:10     | Entered Level 10 of the Dungeon
  7511 | D:10     | Found Lebiopug's Weapon Shop.
  7519 | D:10     | Noticed Psyche
  7527 | D:10     | Killed Psyche
  7527 | D:10     | Reached XP level 11. HP: 61/64 MP: 14/14
  7552 | D:10     | Noticed Maggie
  7556 | D:10     | Killed Maggie
  7669 | D:10     | Noticed Erica
  7691 | D:10     | Killed Erica
  7740 | D:10     | Found Wiatwad's Antique Weapon Shop.
  7758 | D:10     | Bought a runed mace for 174 gold pieces
  7762 | D:10     | Bought a runed quarterstaff for 203 gold pieces
  7780 | D:10     | Found Heeras's Antique Weapon Boutique.
  7783 | D:10     | Noticed Nergalle
  7796 | D:10     | Noticed Joseph
  7811 | D:10     | Killed Nergalle
  7822 | D:10     | Killed Joseph
  7822 | D:10     | Reached skill level 5 in Invocations
  7836 | D:10     | Bought a runed flail for 214 gold pieces
  8130 | D:10     | Found Ocuves's Food Shoppe.
  8175 | D:10     | Noticed a two-headed ogre
  8184 | D:10     | Killed a two-headed ogre
  8455 | Lair:1   | Entered Level 1 of the Lair of Beasts
  8587 | Lair:1   | Reached skill level 1 in Slings
  8678 | Lair:1   | Reached ***** piety under Lugonu
  8705 | Lair:1   | Found a frozen archway.
  8868 | IceCv    | Entered an ice cave
  9128 | IceCv    | Reached skill level 13 in Maces & Flails
  9149 | IceCv    | Reached skill level 10 in Armour
  9236 | IceCv    | Reached XP level 12. HP: 70/70 MP: 16/16
 10610 | IceCv    | Noticed an ice dragon
 10610 | IceCv    | Noticed an ice dragon
 10709 | IceCv    | Killed an ice dragon
 10726 | IceCv    | Killed an ice dragon
 10726 | IceCv    | Reached skill level 14 in Maces & Flails
 11046 | Lair:1   | Noticed a four-headed hydra
 11063 | Lair:1   | Killed a four-headed hydra
 11875 | Lair:2   | Noticed Urug
 11890 | Lair:2   | Killed Urug
 11976 | Lair:2   | Noticed an eight-headed hydra
 11983 | Lair:2   | Killed an eight-headed hydra
 12224 | Lair:2   | Found a hole to the Spider Nest.
 12236 | Lair:2   | Got a faintly glowing graven amulet
 12237 | Lair:2   | Identified the amulet of the Assorted Curses {Faith rPois
                  | Str-4 Stlth+} (You found it on level 2 of the Lair of
                  | Beasts)
 13364 | Lair:3   | Identified a scroll of acquirement
 13364 | Lair:3   | Acquired a +2 hat of magic resistance
 13591 | Lair:3   | Reached XP level 13. HP: 70/76 MP: 18/18
 14483 | Lair:4   | Noticed Sonja
 14489 | Lair:4   | Killed Sonja
 14489 | Lair:4   | Reached skill level 15 in Maces & Flails
 14699 | Lair:4   | Noticed Kirke
 14904 | Lair:4   | Killed Kirke
 15335 | Lair:4   | Found a staircase to the Swamp.
 15721 | Lair:5   | Found a dark tunnel.
 15730 | Volcano  | Entered a volcano
 16134 | Volcano  | Reached ****** piety under Lugonu
 16631 | Volcano  | Reached skill level 5 in Slings
 17189 | Lair:5   | Identified the cursed +0 mace of Mayhem {distort, rF+ rC+}
                  | (You found it on level 5 of the Lair of Beasts)
 17236 | Lair:5   | Gained mutation: Your large and strong wings let you fly
                  | indefinitely. [Gargoyle growth]
 17236 | Lair:5   | Reached XP level 14. HP: 84/84 MP: 20/20
 17408 | Lair:5   | Reached skill level 16 in Maces & Flails
 18337 | D:9      | Reached skill level 1 in Axes
 19247 | D:11     | Found a white marble altar of Elyvilon.
 19444 | D:11     | Noticed Grum
 19458 | D:11     | Killed Grum
 20929 | Orc:1    | Entered Level 1 of the Orcish Mines
 21101 | Orc:1    | Found a burning altar of Makhleb.
 21246 | Orc:2    | Entered Level 2 of the Orcish Mines
 22098 | Orc:2    | Found a staircase to the Elven Halls.
 22235 | Orc:1    | Noticed Snorg
 22242 | Orc:1    | Killed Snorg
 22442 | Orc:2    | Found Joomig's Weapon Shop.
 23442 | Orc:2    | Reached XP level 15. HP: 84/90 MP: 21/21
 23496 | Orc:2    | Found Moacucic's General Store.
 23502 | Orc:2    | Found Pynnopt's Antique Weapon Shoppe.
 23539 | Orc:2    | Found Suock's Weapon Boutique.
 24725 | Orc:2    | Found a roughly hewn altar of Beogh.
 25015 | Orc:2    | Bought the +6 flail "Rihuischari" {freeze, +Blink rPois
                  | rC+++ Dex-2} for 1108 gold pieces
 25020 | Orc:2    | Bought the cursed -4 helmet of the Engineer {MR+ MP+9} for
                  | 195 gold pieces
 25248 | Lair:6   | Entered Level 6 of the Lair of Beasts
 26207 | Lair:6   | Found a viscous altar of Jiyva.
 26208 | Lair:6   | Found a staircase to the Slime Pits.
 26521 | Lair:6   | Reached skill level 10 in Fighting
 26521 | Lair:6   | Reached skill level 10 in Invocations
 26528 | Lair:6   | Reached skill level 5 in Axes
 28078 | D:12     | Found a runed translucent gate.
 28079 | D:12     | Found a runed translucent gate.
 28079 | D:12     | Found an opulent altar of Gozag.
 28080 | D:12     | Found a runed translucent gate.
 28082 | D:12     | Noticed DeepDeath's ghost (journeyman HOEn)
 28083 | D:12     | Noticed a fire giant
 29340 | D:13     | Reached XP level 16. HP: 78/98 MP: 23/23
 30098 | D:14     | Found a gate to the Vaults.
 30376 | D:14     | Reached skill level 5 in Dodging
 30454 | D:14     | Found a flickering gateway to a bazaar.
 30480 | Bazaar   | Entered a bazaar
 30480 | Bazaar   | Found Lat Iss's Distillery.
 30488 | Bazaar   | Found Wahad's Antique Weapon Boutique.
 30496 | Bazaar   | Found Qoddiu's Weapon Shoppe.
 30504 | Bazaar   | Found Ikhlom's Assorted Antiques.
 30514 | Bazaar   | Found Suonit's Armour Shop.
 30581 | Bazaar   | Bought a +0 pair of boots of running for 315 gold pieces
 30596 | Bazaar   | Bought a smoky inky potion for 19 gold pieces
 30596 | Bazaar   | Bought a pair of embroidered gloves for 165 gold pieces
 30621 | Bazaar   | Bought a runed war axe for 214 gold pieces
 30632 | Bazaar   | Bought a potion of heal wounds for 45 gold pieces
 30632 | Bazaar   | Bought a potion of haste for 90 gold pieces
 30632 | Bazaar   | Bought a potion of haste for 90 gold pieces
 30651 | Bazaar   | Bought 2 potions of resistance for 440 gold pieces
 30670 | Bazaar   | Bought 2 potions of mutation for 144 gold pieces
 30670 | Bazaar   | Bought a potion of mutation for 72 gold pieces
 30689 | Bazaar   | Bought a scroll of enchant armour for 165 gold pieces
 31507 | D:15     | Entered Level 15 of the Dungeon
 32376 | D:15     | Found a staircase to the Depths.
 33690 | D:15     | Found a sacrificial altar of Ru.
 34192 | D:12     | Killed DeepDeath's ghost
 34730 | Swamp:1  | Entered Level 1 of the Swamp
 34730 | Swamp:1  | Noticed Aizul
 34730 | Swamp:1  | Noticed Frances
 34730 | Swamp:1  | Noticed Nikola
 34763 | Lair:4   | Killed Aizul
 35432 | Lair:4   | Killed Frances
 35525 | Lair:4   | Killed Nikola
 35525 | Lair:4   | Reached skill level 15 in Armour
 36291 | Swamp:1  | Reached XP level 17. HP: 64/106 MP: 24/24
 37921 | Swamp:2  | Got a sparkling granite ring
 37922 | Swamp:2  | Identified the ring "Yxanoot" {+Fly Int+4 SInv Stlth+} (You
                  | found it on level 2 of the Swamp)
 37975 | Swamp:2  | Noticed Louise
 37977 | Swamp:2  | Cast into level 3 of the Abyss (Louise)
 38105 | Abyss:3  | HP: 5/106 [black mamba skeleton[a necromancer] (6)]
 38106 | Abyss:3  | Killed from afar by a wretched star

Illustrated notes

Levels and vault maps discovered:
D:1:      giann_bridges, layout_rooms, ashenzari_altar_1
D:2:      layout_basic, nicolae_overflow_crystal_walls,
          overflow_temple_1_default, uniq_jessica
D:3:      layout_basic, kennysheep_slug_shrine, uniq_sigmund, uniq_ijyb,
          uniq_robin
D:4:      layout_basic, temple_hall, minmay_fractal_squares_5
D:5:      layout_rooms, first_ration, dk_xom_monty_hall, uniq_edmund
D:6:      layout_loops_corners, marbit_many_paths, basic_altar
D:7:      minmay_spotlight, layout_basic, kennysheep_mini_moat,
          lemuel_round_altar, basic_altar, the_bakery
D:8:      layout_rooms, minmay_misc_feat_square, minmay_gold_behind_fungi,
          uniq_pikel, uniq_maurice
D:9:      cheibrodos_frozen_isle, layout_long_grid, dpeg_lair_monsters,
          orc_0_dummy, uniq_harold
D:10:     layout_basic, serial_shops, shop, shop, shop_fountains, shop,
          st_stairs_9, hangedman_decor_slide_cut, minmay_variable_closet,
          dk_noncrumbling_4, uniq_maggie, uniq_erica, uniq_psyche,
          uniq_nergalle, uniq_joseph
D:11:     layout_roguey, special_room [special_room_orc], elyvilon_altar_4,
          uniq_grum
D:12:     layout_irregular_city, ebering_ghost_gozag, kennysheep_diamond
D:13:     layout_cave_pods
D:14:     layout_irregular_city, david_vaults_2, minmay_crystal_room,
          serial_shops, bzr_firewalk
D:15:     gammafunk_depths_entry_grave, layout_cave_pools,
          nicolae_ru_sacrificial_ziggurat
Lair:1:   layout_regular_city, portal_ice_cave_demonic_guard
Lair:2:   beast_lair_carwin_large_2, layout_misc_corridors,
          spider_nest_entry_web_field, guppyfry_lair_drakes, grunt_megastairs_5,
          uniq_urug
Lair:3:   minmay_lair_venomous_thicket, layout_hall_layers
Lair:4:   layout_small_grid, nicolae_swamp_entry_splash_gauntlet,
          infiniplex_staircase_pool_2, uniq_kirke, uniq_sonja
Lair:5:   layout_regular_city, nicolae_volcano_entry_s_turn, grunt_megastairs_3
Lair:6:   evilmike_catoblepas_cave, layout_cellular_growth,
          dpeg_slime_entry_enclosed_altar, kilobyte_rumbling_trees
Swamp:1:  layout_basic_swamp, nicolae_swamp_little_tower, uniq_aizul,
          uniq_frances, uniq_nikola
Swamp:2:  layout_falls_marsh, hangedman_swamp_blocks, uniq_louise
Orc:1:    layout_caves, bloody_makhleb, uniq_snorg
Orc:2:    st_orc_open, layout_caves, minmay_orc_temple_c
Abyss:3:  base: D:1, evilmike_abyss_rune_ettins

Skill      XL: |  1  2  3  4  5  6  7  8  9 10 11 12 13 14 15 16 17 |
---------------+----------------------------------------------------+-----
Maces & Flails | 3 4 5 6 7 9 10 12 13 14 15 16 | 16.0
Dodging        | 1 2 3 4 6 7 |  7.0
Throwing       | 1 2 3 |  3.8
Evocations     | 1 2 4 |  4.0
Armour         | 3 5 6 9 10 11 13 14 15 | 15.0
Fighting       | 4 5 6 7 8 9 10 11 12 | 12.0
Invocations    | 3 4 6 8 9 10 | 10.0
Slings         | 1 2 5 6 7 8 |  8.5
Axes           | 3 6 8 9 |  9.7

Action                   |  1- 3 |  4- 6 |  7- 9 | 10-12 | 13-15 | 16-18 || total
-------------------------+-------+-------+-------+-------+-------+-------++-------
Melee: Mace              |    57 |       |       |    11 |    25 |       ||    93
       Club              |    10 |    32 |       |       |       |       ||    42
       Flail             |       |   122 |   356 |   218 |    22 |   278 ||   996
       Morningstar       |       |       |       |   413 |  1342 |   452 ||  2207
       Broad axe         |       |       |       |       |   170 |   100 ||   270
 Fire: Hunting sling     |       |       |       |    32 |   642 |   141 ||   815
Throw: Dart              |    11 |     5 |    15 |    57 |    12 |    18 ||   118
       Throwing net      |       |     1 |       |     3 |       |       ||     4
       Boomerang         |       |       |       |    31 |       |     6 ||    37
       Javelin           |       |       |       |       |     5 |       ||     5
Invok: Depart the Abyss  |     1 |       |       |       |       |       ||     1
       Bend Space        |       |       |       |     2 |     3 |       ||     5
       Banish            |       |       |       |       |       |     1 ||     1
 Abil: Fly               |       |       |       |       |     1 |     1 ||     2
       Stop Flying       |       |       |       |       |     1 |       ||     1
Evoke: Wand              |       |     1 |     6 |    38 |    10 |     6 ||    61
       Phial of floods   |       |       |       |       |       |     1 ||     1
  Use: Scroll            |     6 |     3 |     5 |    12 |    15 |    11 ||    52
       Potion            |       |       |     1 |    14 |     6 |     7 ||    28
 Stab: Confused          |       |     1 |     3 |     2 |       |       ||     6
       Held in net/web   |       |       |       |     3 |       |       ||     3
       Paralysed         |       |       |       |     7 |       |       ||     7
  Eat: Chunk             |     1 |     5 |    10 |    17 |    34 |     8 ||    75
       Ration            |       |       |       |     4 |     5 |     6 ||    15
Armor: Leather armour    |    34 |    35 |       |    72 |       |       ||   141
       Scale mail        |       |    53 |   218 |   274 |   149 |       ||   694
       Chain mail        |       |       |       |       |   850 |   686 ||  1536
Dodge: Dodged            |    38 |    79 |   190 |   291 |   675 |   422 ||  1695
